Cogmind - Beta 15 @@@ ROGUE MODE // 2025.09.09 @ 15:22:14 Player: spoonum Result: Destroyed by KA-EWW(g) with Salvaging Laser Performance ------------- Evolutions (0) 0 Regions Visited (5) 1000 Robots Destroyed (40) 200 Value Destroyed (949) 949 Prototype IDs (11) 220 Alien Tech Used (0) 0 Bonus (814) 814 TOTAL SCORE: 3183 Bonus ------- Follower Combat Kills 39 Registered with UFD 300 Met Optimus in HQ 500 Friendly Fire -25 Cogmind --------- Core Integrity 0/250 Matter 175/300 Energy 24/290 System Corruption 0% Temperature Hot (299) Movement Walking (130) Location -9/Scraptown Parts ------- > --- POWER (1) -------- Improved Deuterium Engine > --- PROPULSION (2) --- Cargo Legs > --- UTILITY (2) ------ Large Storage Unit Force Field > --- WEAPON (2) ------- Minigun > --- INVENTORY (15) --- Overtuned Titanium Leg Overtuned Titanium Leg Armored Leg Improved Heat Sink High-capacity Battery (250) Advanced Weight Redist. System IFF Parser Improved Terrain Scanner Matter Filter Cloaking Device Improved Light Armor Plating Gatling Laser Battle Cannon Peak State ------------ > --- POWER ------------ Light Angular Momentum Engine > --- PROPULSION ------- Cargo Legs > --- UTILITY ---------- Large Storage Unit Sensor Array Force Field > --- WEAPON ----------- Slug Cannon Magnetic Acceleration Cannon > --- INVENTORY -------- Overtuned Titanium Leg Armored Leg Improved Heat Sink Medium Battery High-capacity Battery Advanced Weight Redist. System IFF Parser Improved Terrain Scanner Matter Filter Cloaking Device Improved Light Armor Plating Gatling Laser Minigun Battle Cannon Great Axe [Rating: 41] Favorites ----------- Power Ion Engine Engine Ion Engine Propulsion Light Treads Treads Light Treads Leg Cargo Legs Utility Large Storage Unit Device Sensor Array Storage Large Storage Unit Weapon Slug Cannon Energy Gun Subdweller Laser Ballistic Gun Subdweller Machine Gun Ballistic Cannon Slug Cannon Build | -11 -10 -10 -10 -9 -9 ------- Run | Yrd Mat Min Sub Rec Scr Slots Evolved . | . . . . . . Power . | . . . . . . Propulsion . | . . . . . . Utility . | . . . . . . Weapon . | . . . . . . Parts Attached 37 | 2 17 2 10 . 6 Power 8 | . 3 1 2 . 2 Engine 8 | . 3 1 2 . 2 Core . | . . . . . . Reactor . | . . . . . . Propulsion 6 | . 5 . 1 . . Treads 5 | . 5 . . . . Leg 1 | . . . 1 . . Wheel . | . . . . . . Hover . | . . . . . . Flight . | . . . . . . Utility 9 | 1 3 . 4 . 1 Device 6 | 1 1 . 3 . 1 Storage 3 | . 2 . 1 . . Processor . | . . . . . . Hackware . | . . . . . . Protection . | . . . . . . Artifact . | . . . . . . Weapon 14 | 1 6 1 3 . 3 Energy Gun 4 | 1 1 1 1 . . Energy Cannon . | . . . . . . Ballistic Gun 5 | . 4 . . . 1 Ballistic Cannon 5 | . 1 . 2 . 2 Launcher . | . . . . . . Special Weapon . | . . . . . . Impact Weapon . | . . . . . . Slashing Weapon . | . . . . . . Piercing Weapon . | . . . . . . Special Melee Weapon . | . . . . . . Unidentified Prototypes . | . . . . . . Parts Lost 9 | . 1 1 3 . 4 Power 3 | . . 1 1 . 1 Propulsion . | . . . . . . Utility 2 | . . . 1 . 1 Weapon 4 | . 1 . 1 . 2 Highest Loss Streak 4 | . 1 1 3 . 4 To Critical Strikes 1 | . . . 1 . . Average Backups 11 | 6 7 11 12 13 14 Power . | 1 1 1 . . . Propulsion 1 | 4 2 2 2 2 1 Utility 5 | . 3 6 5 5 7 Weapon 3 | 1 1 2 4 6 5 Tool/Special . | . . . . . . Unused Backups 31 | 5 8 . 1 . 17 Power 2 | 1 1 . . . . Propulsion 7 | 2 2 . . . 3 Utility 13 | 1 3 . 1 . 8 Weapon 9 | 1 2 . . . 6 Tool/Special . | . . . . . . Average Slot Usage (%) 88 | . 100 99 91 75 75 Engine 8 | . 14 13 11 . . Treads 12 | . 27 28 10 . . Leg 6 | . . . 7 12 12 Device 16 | . 14 14 23 12 12 Storage 17 | . 14 14 12 25 24 Energy Gun 6 | . 4 12 11 . . Ballistic Gun 7 | . 19 15 5 . . Ballistic Cannon 12 | . 3 . 7 25 25 Peak Build Rating 41 | 9 11 12 29 26 41 Average Rating 20 | 7 10 11 22 26 29 On Entrance 15 | 6 9 11 12 26 26 Naked Turns . | . . . . . . Heaviest Build 52 | 15 32 33 36 33 52 Greatest Support 55 | 20 40 40 55 55 55 Greatest Overweight (x) . | . . . . . . Average Overweight (x) . | . . . . . . Largest Inventory Capacity 15 | 8 15 15 15 15 15 Average Capacity 13 | 8 9 15 15 15 15 Most Carried 15 | 7 11 12 15 15 15 Average Carried 12 | 6 7 11 13 15 14 Final Capacity 15 | 8 15 15 15 15 15 Final Carried 15 | 7 10 12 15 15 13 Class Distribution -------------------- 76% | Mutant 23% | Scavenger-Mutant Dominant Class ---------------- Mutant | -10/Materials Scavenger-Mutant | -10/Mines Mutant | -10/Subcaves Mutant | -9/Recycling Mutant | -9/Scraptown Resources | -11 -10 -10 -10 -9 -9 ----------- Run | Yrd Mat Min Sub Rec Scr Matter Collected 1074 | 220 397 152 179 . 126 Remotely . | . . . . . . Salvage Created 1172 | 95 632 188 96 . 161 Parts 77 | 8 36 10 11 . 12 Haulers Intercepted 1 | . 1 . . . . Recyclers Shooed 1 | 1 . . . . . Parts Field Recycled . | . . . . . . Retrieved Matter . | . . . . . . Parts Self-Destructed 7 | . . . 7 . . Prevented . | . . . . . . Kills | -11 -10 -10 -10 -9 -9 ------- Run | Yrd Mat Min Sub Rec Scr Combat Hostiles Destroyed 30 | . 16 5 5 . 4 Guns 23 | . 14 5 4 . . Cannons 7 | . 2 . 1 . 4 Classes Destroyed 14 | 2 6 2 1 . 3 Worker 1 | . . 1 . . . Tunneler 2 | 2 . . . . . Hauler 1 | . 1 . . . . Recycler 3 | 1 2 . . . . Operator 1 | . 1 . . . . Turret 1 | . . . 1 . . Watcher 1 | . 1 . . . . Swarmer 12 | . 7 1 4 . . Grunt 10 | . 7 3 . . . Demolisher 1 | . . 1 . . . Subdweller 3 | . 2 . 1 . . Federalist 1 | . . . . . 1 Guru 1 | . . . . . 1 Scrapper 2 | . . . . . 2 Best Kill Streak 5 | 2 3 3 5 . 4 Combat Bots Only 4 | . 3 2 4 . 4 Max Kills in Single Turn 1 | 1 1 1 1 . 1 Gunslinging . | . . . . . . Exploded . | . . . . . . Melee . | . . . . . . Uniques/NPCs Destroyed . | . . . . . . Combat | -11 -10 -10 -10 -9 -9 -------- Run | Yrd Mat Min Sub Rec Scr Hostile Shots Fired 222 | . 88 9 63 . 62 Missed 65 | . 19 1 23 . 22 Hits 157 | . 69 8 40 . 40 Projectile 157 | . 69 8 40 . 40 AOE 2 | . . 2 . . . Critical Strikes 5 | . 1 . 2 . 2 Damage Taken 2001 | . 779 160 489 . 573 Core 251 | . 60 30 106 . 55 Absorbed by Shields 132 | . . . . . 132 Core Remaining (%) 100 | 100 . . . . . Volleys Fired 137 | 11 72 11 32 . 11 Largest 2 | 2 2 2 2 . 2 Hottest 100 | 100 100 95 100 . 84 Shots Fired 261 | 22 144 22 53 . 20 Gun 201 | 22 126 22 31 . . Cannon 60 | . 18 . 22 . 20 Launcher . | . . . . . . Special . | . . . . . . Kinetic 188 | . 117 14 37 . 20 Thermal 73 | 22 27 8 16 . . Explosive . | . . . . . . Electromagnetic . | . . . . . . Robot Hit Streak 10 | 6 10 4 4 . 3 Robot Miss Streak 4 | 2 3 2 2 . 4 Penetration Max . | . . . . . . Secondary Targets 1 | . 1 . . . . Max Gunslinging Chain 1 | . 1 . . . . Shots Hit Robots 133 | 11 85 12 16 . 9 Core Hits 49 | 4 29 6 6 . 4 Critical Kills 2 | . . . 1 . 1 Critical Parts Destroyed 2 | . 2 . . . . Critical Strikes 7 | . 5 . 1 . 1 Burn 3 | . 3 . . . . Destroy 4 | . 2 . 1 . 1 Melee Attacks . | . . . . . . Impact . | . . . . . . Slashing . | . . . . . . Piercing . | . . . . . . Sneak Attacks . | . . . . . . Combat Hostiles . | . . . . . . Follow-up Attacks . | . . . . . . Damage Inflicted 2365 | 133 1328 242 395 . 267 Guns 1611 | 133 1113 242 123 . . Cannons 750 | . 211 . 272 . 267 Explosions . | . . . . . . Melee . | . . . . . . Ramming 4 | . 4 . . . . Kinetic 1928 | . 1085 181 395 . 267 Thermal 433 | 133 239 61 . . . Explosive . | . . . . . . Electromagnetic . | . . . . . . Impact . | . . . . . . Slashing . | . . . . . . Piercing . | . . . . . . Highest Corruption . | . . . . . . Average Corruption . | . . . . . . Corruption Purged . | . . . . . . Corruption Blocked . | . . . . . . Overload Shots . | . . . . . . Overflow Damage 58 | . . . 45 . 13 Projectiles 58 | . . . 45 . 13 Explosions . | . . . . . . Melee . | . . . . . . Knockbacks 6 | . 2 . 3 . 1 Impact . | . . . . . . Kinetic 6 | . 2 . 3 . 1 Secondary . | . . . . . . Self-Inflicted Damage . | . . . . . . Shots . | . . . . . . Rammed 1 | . 1 . . . . Targets Rammed 1 | . 1 . . . . Kicked . | . . . . . . Crushed . | . . . . . . Highest Temperature 340 | 159 117 3 . . 340 Average Temperature 69 | 76 29 3 . . 159 Received Heat Transfer 648 | . 198 33 132 . 285 Siege Activations . | . . . . . . Martial Activations . | . . . . . . Shielding Activations . | . . . . . . Robots Disrupted . | . . . . . . Combat Hostiles . | . . . . . . Robots Corrupted . | . . . . . . Combat Hostiles . | . . . . . . Parts Fried . | . . . . . . Impact Corruptions . | . . . . . . Robots Melted . | . . . . . . Combat Hostiles . | . . . . . . Parts Melted 3 | 1 . . . . 2 Heat Transferred 1480 | 407 925 148 . . . Parts Sabotaged . | . . . . . . Parts Stolen . | . . . . . . Parts Stripped . | . . . . . . Power Chain Reactions . | . . . . . . Alert | -11 -10 -10 -10 -9 -9 ------- Run | Yrd Mat Min Sub Rec Scr Maximum Alert Level . | . . . . . . Low Security (%) 100 | 100 100 100 . 100 . Level 1 . | . . . . . . Level 2 . | . . . . . . Level 3 . | . . . . . . Level 4 . | . . . . . . Level 5 . | . . . . . . High Security . | . . . . . . Max Security . | . . . . . . Peak Influence 133 | 5 133 75 . 89 . Initial 89 | . . 43 . 89 . Average 36 | 1 42 28 . 39 . Influence Increases 932 | 15 456 226 235 . . Destroy 0b10 Robot/C 540 | . 280 160 100 . . Destroy 0b10 Robot/NC 45 | 15 25 5 . . . Destroy Leader 104 | . 64 40 . . . Allied During Kill 18 | . . 18 . . . Successful Hack 22 | . 22 . . . . Disable Machine 15 | . 15 . . . . Destroy Structure 8 | . 5 3 . . . Lose Combat Pursuer 180 | . 45 . 135 . . Influence Decreases 932 | 15 343 323 64 187 . Entered New Map 177 | . . 70 9 98 . Time Decay 704 | 15 333 242 25 89 . Lost Part 45 | . 10 5 30 . . Lost Ally 6 | . . 6 . . . Squads Dispatched 3 | . 3 . . . . Investigation 1 | . 1 . . . . Extermination . | . . . . . . Reinforcement 2 | . 2 . . . . Assault . | . . . . . . Garrison . | . . . . . . Intercept . | . . . . . . Searches Triggered . | . . . . . . Construction Impeded . | . . . . . . Haulers Reinforced . | . . . . . . Active Scanning Responses . | . . . . . . Cargo Convoy Interrupts . | . . . . . . Stealth | -11 -10 -10 -10 -9 -9 --------- Run | Yrd Mat Min Sub Rec Scr Distress Signals 3 | . 3 . . . . Communications Jammed . | . . . . . . Distress Signals . | . . . . . . Times Spotted 67 | . 33 8 12 . 14 Peak Tracking Total 7 | . 7 4 3 . 5 Tactical Retreats 7 | . 3 . 4 . . Traps | -11 -10 -10 -10 -9 -9 ------- Run | Yrd Mat Min Sub Rec Scr Traps Triggered 7 | . 3 . 4 . . Indirectly . | . . . . . . Trap Hack Attempts . | . . . . . . Triggered . | . . . . . . Disarmed . | . . . . . . Reprogrammed . | . . . . . . Reused . | . . . . . . Traps Extracted . | . . . . . . Installed . | . . . . . . Triggered . | . . . . . . Machines | -11 -10 -10 -10 -9 -9 ---------- Run | Yrd Mat Min Sub Rec Scr Machines Disabled 3 | . 1 . 2 . . Max in Single Turn 1 | . 1 . 1 . . Machines Repaired . | . . . . . . Machines Dismantled . | . . . . . . Machines Sabotaged . | . . . . . . Overloaded Fab Kills . | . . . . . . Hacking | -11 -10 -10 -10 -9 -9 --------- Run | Yrd Mat Min Sub Rec Scr Machines Accessed 18 | . 5 . 2 5 6 Terminals 5 | . 5 . . . . Fabricators . | . . . . . . Repair Stations . | . . . . . . Recycling Units 3 | . . . . 3 . Scanalyzers . | . . . . . . Garrison Access . | . . . . . . Total Hacks 107 | . 9 . 13 33 52 Successful 97 | . 2 . 13 30 52 Failed 10 | . 7 . . 3 . Catastrophic 3 | . 3 . . . . Database Lockouts . | . . . . . . Manual 13 | . 12 . . . 1 Terminals 9 | . 9 . . . . Fabricators . | . . . . . . Repair Stations . | . . . . . . Recycling Units 9 | . . . . 9 . Scanalyzers . | . . . . . . Garrison Access . | . . . . . . Terminal Hacks 91 | . 2 . 13 24 52 Record 88 | . . . 12 24 52 Robot Analysis 1 | . 1 . . . . Branch Access Points 1 | . 1 . . . . Proto ID Catalog 1 | . . . 1 . . Fabricator Hacks . | . . . . . . Repair Station Hacks . | . . . . . . Recycling Unit Hacks 6 | . . . . 6 . Process 1 | . . . . 1 . Report Inventory 3 | . . . . 3 . Retrieve Matter 2 | . . . . 2 . Scanalyzer . | . . . . . . Garrison Access Hacks . | . . . . . . Unauthorized Hacks . | . . . . . . Terminals . | . . . . . . Fabricators . | . . . . . . Repair Stations . | . . . . . . Recycling Units . | . . . . . . Scanalyzers . | . . . . . . Garrison Access . | . . . . . . Data Cores Recovered . | . . . . . . Used . | . . . . . . Hacking Detections 7 | . 5 . . 2 . Full Trace Events . | . . . . . . Feedback Events . | . . . . . . Feedback Blocked . | . . . . . . Robot Schematics Acquired . | . . . . . . Robots Built . | . . . . . . Authchips . | . . . . . . Time . | . . . . . . Total Robot Build Rating . | . . . . . . Part Schematics Acquired . | . . . . . . Parts Built . | . . . . . . Authchips . | . . . . . . Time . | . . . . . . Total Part Build Rating . | . . . . . . Parts Repaired . | . . . . . . Time . | . . . . . . Parts Recycled . | . . . . . . Recycled Matter 6 | . . . . 6 . Retrieved Matter . | . . . . . . Retrieved Components . | . . . . . . Parts Scanalyzed . | . . . . . . Part Schematics Acquired . | . . . . . . Parts Damaged . | . . . . . . Bothacking | -11 -10 -10 -10 -9 -9 ------------ Run | Yrd Mat Min Sub Rec Scr Used RIF Installer . | . . . . . . Robots Hacked . | . . . . . . Non-combat . | . . . . . . Combat . | . . . . . . Robot Hacks Applied . | . . . . . . Relay Couplers Released . | . . . . . . Fabnet Peak Effective % . | . . . . . . Robots Rewired . | . . . . . . Allies Hacked . | . . . . . . Hacks Repelled . | . . . . . . Allies | -11 -10 -10 -10 -9 -9 -------- Run | Yrd Mat Min Sub Rec Scr Total Allies 2 | . . 2 . . . Largest Group 2 | . . 2 1 . . Highest-Rated Group 45 | . . 45 31 . . Highest-Rated Ally 31 | . . 31 31 . . Total Orders . | . . . . . . Ally Attacks 19 | . . 9 10 . . Total Damage 252 | . . 128 124 . . Kills 3 | . . 3 . . . Allies Corrupted . | . . . . . . Allies Melted 3 | . . . . . 3 Intel | -11 -10 -10 -10 -9 -9 ------- Run | Yrd Mat Min Sub Rec Scr Active Infowar (turns) 4404 | 33 1007 . 1219 222 1923 Optics 693 | . . . 693 . . Sensors 3364 | . . . 1219 222 1923 Terrain 1040 | 33 1007 . . . . Seismic 862 | . . . 862 . . Robot Analysis Total 1 | . 1 . . . . Derelict Logs Recovered 1 | . . 1 . . . Drone Launches . | . . . . . . Drone Recoveries . | . . . . . . Exploration | -11 -10 -10 -10 -9 -9 ------------- Run | Yrd Mat Min Sub Rec Scr Turns Passed 6205 | 89 1331 682 1900 222 1981 Spaces Moved 3961 | 44 629 398 1255 161 1474 Core . | . . . . . . Treads 1417 | . 629 398 390 . . Legs 2544 | 44 . . 865 161 1474 Wheels . | . . . . . . Hover . | . . . . . . Flight . | . . . . . . Fastest Speed 120 | 120 160 160 130 130 130 Average Speed 140 | 120 160 160 139 130 130 Slowest Speed 160 | 120 160 160 160 130 130 Overloaded Moves . | . . . . . . Propulsion Burnouts . | . . . . . . Robots Hopped . | . . . . . . Potential Cave-ins . | . . . . . . Cave-ins Triggered . | . . . . . . Exploration Rate (%) 63 | 4 94 93 71 34 82 Regions Visited 5 Branch Regions 4 Pre-discovered Areas 1 | . . 1 . . . Known Exits Taken 2 | . 1 . 1 . . Unknown Exits Taken 3 | 1 . 1 . 1 . Scrap Searched 4 | . . 1 . . 3 Spaces Dug . | . . . . . . Terrain Destroyed 19 | . 2 3 4 . 10 Melee . | . . . . . . Projectile 19 | . 2 3 4 . 10 AOE . | . . . . . . Terrain Rammed . | . . . . . . Walls Destroyed . | . . . . . . Machines Disabled . | . . . . . . Actions | -11 -10 -10 -10 -9 -9 --------- Run | Yrd Mat Min Sub Rec Scr Total 4339 | 57 814 420 1349 174 1525 Wait 108 | . 60 8 26 14 . Move 3956 | 43 628 397 1254 160 1474 Hop . | . . . . . . Pick Up 44 | 1 14 2 9 . 18 Fast Attach 7 | 1 4 1 1 . . Attach 11 | . 1 . 6 . 4 Detach 6 | . 2 . 4 . . Swap 22 | 1 12 1 6 . 2 Drop 43 | . 20 . 7 . 16 Fire 137 | 11 72 11 32 . 11 Melee . | . . . . . . Ram . | . . . . . . Kick . | . . . . . . Crush 1 | . 1 . . . . Escape Stasis . | . . . . . . Rewire 4 | . . . 4 . . Trap . | . . . . . . Miscellaneous . | . . . . . . Route ------- -11/Scrapyard -10/Materials (discovered 6 exits: [*Mat x3] / *Min x2 / *Sub) -10/Mines (discovered 3 exits: [*Mat x2] / *Sub) -10/Subcaves (discovered 3 exits: *Mat x2 / *Rec) -9/Recycling -9/Scraptown (discovered 1 exit: [*Fac]) History --------- Turn | Location | Event 3 | -11/Scrapyard | Discovered new exit (range 3) 90 | -11/Scrapyard | Entered Materials 311 | -10/Materials | Build established: Mutant 409 | -10/Materials | Discovered new exit (range 8) 493 | -10/Materials | Discovered new exit (range 5) 543 | -10/Materials | Discovered new exit (range 13) 690 | -10/Materials | Derelicts attacked the area 879 | -10/Materials | Discovered new exit (range 12) 1084 | -10/Materials | Identified exit to Mines 1225 | -10/Materials | Discovered new exit (range 10) 1271 | -10/Materials | Build established: Scavenger-Mutant 1421 | -10/Materials | Entered Mines 1422 | -10/Mines | Learned location of Storage (-9) 1486 | -10/Mines | Assembled infested the area 1487 | -10/Mines | Learned Materials trap positions 1551 | -10/Mines | Discovered new exit (range 6) 1820 | -10/Mines | Discovered new exit (range 10) 1935 | -10/Mines | Discovered new exit (range 3) 2103 | -10/Mines | Entered Subcaves 2103 | -10/Subcaves | Accompanied by 1 ally 2108 | -10/Subcaves | Led the pair of lost Derelicts to an unsafe place 2298 | -10/Subcaves | Visited Clippyterm 2303 | -10/Subcaves | Identified exit to Materials 2303 | -10/Subcaves | Identified exit to Recycling 2303 | -10/Subcaves | Learned Research security intel 2494 | -10/Subcaves | Visited 4L-MR0's lab 2777 | -10/Subcaves | Found Cargo Legs 2784 | -10/Subcaves | Attached Cargo Legs, gained temporary slots: Utility x2 2826 | -10/Subcaves | Shifting Twisted Machinery released Scrap Shield 2836 | -10/Subcaves | Shifting Twisted Machinery released Mak. System Restoration Module 2901 | -10/Subcaves | Build established: Mutant 3489 | -10/Subcaves | Shifting Twisted Machinery released Piercing Trap 3493 | -10/Subcaves | Shifting Twisted Machinery released Slug Cannon 3896 | -10/Subcaves | Core integrity fell below 50% 3962 | -10/Subcaves | Lost 3 parts (1p1u1w) 4003 | -10/Subcaves | Entered Recycling 4004 | -9/Recycling | Met a Zionite searching for Scraptown 4170 | -9/Recycling | Scanned before Scraplab entrance 4188 | -9/Recycling | Entered Scraplab 4198 | -9/Recycling | Discovered new exit (range 3) 4225 | -9/Recycling | Entered Scraptown 4705 | -9/Scraptown | Visited Fellowship of the Rings 4742 | -9/Scraptown | Visited Cyclists 5030 | -9/Scraptown | Visited SPCMW 5070 | -9/Scraptown | Visited Bundlers 5235 | -9/Scraptown | Visited UFD Registry 5235 | -9/Scraptown | Registered with UFD as "Steamsink" 5265 | -9/Scraptown | Visited Cave Peace 5305 | -9/Scraptown | Visited TADAMA 5584 | -9/Scraptown | Discovered new exit (range 6) 5780 | -9/Scraptown | Visited Chapter 10 5836 | -9/Scraptown | Visited Curators Association 5888 | -9/Scraptown | Visited Observation Area 5968 | -9/Scraptown | Received an X-ray algorithm 5977 | -9/Scraptown | Met Optimus 5977 | -9/Scraptown | Accepted into 0bPrime 6062 | -9/Scraptown | Visited Abandonware Association 6084 | -9/Scraptown | Civil war broke out across Scraptown 6116 | -9/Scraptown | Core integrity fell below 20% 6206 | -9/Scraptown | Destroyed by KA-EWW(g) with Salvaging Laser Last Messages --------------- 06156_ Acquired Imp. Deuterium Engine. 06169_ Mak. Salvage Targeting Computer melted. 06169_ Lgt. Deuterium Engine melted. 06169_ NF-WE3(j) destroyed. 06171_ XP-DD3(g) destroyed. 06176_ Lgt. Angular Momentum Engine destroyed. 06181_ 16-10L(p) knocked back. 06184_ Destroyed EM Pulse Gun. 06190_ 16-10L(p) destroyed. 06193_ Slug penetrates Wall. 06196_ NW-OK6(j) suffers critical hit (Destroy). 06196_ NW-OK6(j) destroyed. 06199_ Slug Cannon destroyed. 06199_ Critical hit (Burn: +50). 06202_ LOCAL NARROWCAST: You don't have permission to be in here, but that's okay because it's just doing its job as a honeypot for traitors, TRAITOR! 06203_ Magnetic Acceleration Cannon destroyed. [Achievement: Back For More] [Achievement: This Is Interesting...] Map ----- +----------------------------------------------------+ | | | | | | | | | | | | | ?????????????????????????????????????????????????? | | ?????????????????????????????????????????????????? | | ?????????????????????????????????????????????????? | | ?????????????????????????????????????????????????? | | ?????????????????????????????????????????????????? | | ?????????????????????????????????????????????????? | | ?????????????????????????????????????????????????? | | ?????????????????????????????????????????????????? | | ?????????????????????????????????????????????????? | | ?????????????????????????????????????????????????? | | ?????????????????????????????????????????????????? | | ???????????????????##????????????????????????????? | | ???????????????????# #???????????????????????????? | | ???????????????????# ;####???????????????????????? | | ?????????????#?????#;; *##??????????????????????? | | ?????????????#!!"#### ==;#####??????????????????? | | ?????????????? %= !%[!=g===???????????????????? | | ????????????????? %==!b!%[????????????????????? | | ????????????????????#!%jj%[#?????????????????????? | | ?????????????????????#=j!@#??????????????????????? | | ?###??##???###########=!*###?????????????????????? | | ?#"###"#???#"""""""""#[[=! #?????????????????????? | | ## "!" #####" "# # "?????????????????????? | | """ "##" """"" "; # #?????????????????????? | | "" ""#?#" "???" ";= ####?????????????????????? | | &" "]#?#" "???" "#%*#?? "????????????????? | | "" ""###" "???" "# #?? !"????????????????? | | "##" "???" "# #? !?????????????????? | | "" ""###" """"" "#=[#?! ??????????????????? | | !" "&#?#" "#%!#? ???????????????????? | | "" ""### ""#[ #? ????????????????????? | | "## #=!#? ?????????????????????? | | #### ########### #####! #? #?????????????????????? | | #### ########### #####%=## ##????????????????????? | | """" """""""""" % """"! "#????????????????????? | | =%= ! =%!! #????""??????????????? | | * !*| #??? """ ?????????? | | !=%! "#?? ??????????? | | = = ## ?????????? | | ?????????? | | """"""""""""""""""" " =!! ## ""???????????? | | """"""""""""""""""""" !%! #?? " """???????????? | | ## ################"" =%[="#???"" ??????????????? | | ##????????#"" ==! #????##??????????????? | +----------------------------------------------------+ Best States ------------- Heat Dissipation 39 Energy Generation 18 Energy Capacity 300 Matter Stores 300 Matter Capacity 300 Sight Range 21 Robot Scan Range 14 Terrain Scan Range 16 Terrain Scan Density 10 Evasion (%) 55 Recoil Reduction 2 Item Schematics ----------------- None Robot Schematics ------------------ None Fabricated ------------ Nothing Repaired ---------- Nothing Alien Tech Used ----------------- None Achievements -------------- Back For More This Is Interesting... Challenges ------------ None Game ------ Seed FissionLinkedNukerbomber Manual? 0 Play Time 01:26:21 Cumulative 58.5 hours Start 2025.09.08 @ 15:31:40 End 2025.09.09 @ 15:22:14 Sessions 3 Manual Loads 0 Difficulty Rogue Special Mode None Game No. 50 Rogue 50 Adventurer 0 Explorer 0 Win Type - Total 0 Types 0/0/0/0/0/0/0/0/0/0 Lore% 26 Gallery% 35 Achievement% 30 Wizard Run 0 Options --------- Layout 2 ASCII 0 Keyboard 1 Movement Numpad Keybinds 0 Fullscreen 1 Font 20/SmallcapsGlow Map View 64x51 Zoom Use 0% Tactical HUD 1 Map Filters NONE Filters NONE Steam 1 RUN: 8362d0c3-af3b-4219-b137-463c998e8b0f